 Dungeon Crawl Stone Soup version 0.30-a0-1116-gebefce21f7 (webtiles) character file.

Game seed: 10004672758757656999

32 cforsyth the Caller (level 2, 0/20 HPs)
             Began as a Demigod Summoner on Apr 22, 2023.
             Succumbed to a kobold's poison
             ... on level 2 of the Dungeon.
             The game lasted 00:03:14 (1954 turns).

cforsyth the Caller (Demigod Summoner)              Turns: 1954, Time: 00:03:16

Health: 0/20       AC:  2    Str:  9    XL:     2   Next: 96%
Magic:  7/8        EV: 12    Int: 17    God:
Gold:   122        SH:  0    Dex: 14    Spells: 4/5 levels left

rFire   . . .      SeeInvis .    (no weapon)
rCold   . . .      Faith    .    (no shield)
rNeg    . . .      Spirit   .    a - +0 robe
rPois   .          Reflect  .    (no helmet)
rElec   .          Rampage  .    m - scarf {repulsion}
rCorr   .                        (no gloves)
Will    .....                    (no boots)
Stlth   ++                       (no amulet)
HPRegen 0.23/turn                (no ring)
MPRegen 0.11/turn                (no ring)

@: lethally poisoned (0 -> -27), repel missiles
A: high MP 1, forlorn, divine attributes
a: no special abilities


You were on level 2 of the Dungeon.
You visited 1 branch of the dungeon, and saw 2 of its levels.

You collected 122 gold pieces.

Inventory:

Armour
 a - a +0 robe (worn)
 m - a scarf of repulsion (worn)
Scrolls
 c - 4 scrolls of identify {unknown}
 d - a scroll of teleportation {unknown}
 f - a scroll of fear {unknown}
 j - a scroll of blinking {unknown}
 k - a scroll of poison {unknown}
 l - a scroll of torment {unknown}
 o - a scroll of vulnerability {unknown}
Potions
 b - a potion of magic
 e - a potion of degeneration {unknown}
 g - a potion of heal wounds {unknown}
 h - a potion of lignification {unknown}
 i - a potion of haste {unknown}
 n - a potion of curing {unknown}


   Skills:
 - Level 1.7 Dodging
 - Level 1.7 Stealth
 + Level 2.4 Spellcasting
 + Level 4.1 Summonings


You had 4 spell levels left.
You knew the following spells:

 Your Spells              Type           Power      Damage    Failure   Level
a - Summon Small Mammal   Summ           64%        N/A       3%          1

Your spell library contained the following spells:

 Spells                   Type           Power      Damage    Failure   Level
 Call Imp                 Summ           32%        N/A       4%          2
 Call Canine Familiar     Summ           16%        N/A       10%         3
 Summon Guardian Golem    Hex/Summ       9%         N/A       24%         3
 Summon Lightning Spire   Summ/Air       9%         N/A       61%         4


Dungeon Overview and Level Annotations

Branches:
Dungeon (2/15)


Innate Abilities, Weirdness & Mutations

You have an increased reservoir of magic. (+10% MP)
You shall have no god before yourself.
Your divine heritage dramatically boosts your attributes as you level up.


Message History

Found a dagger.
There is an escape hatch in the floor here.
A gnoll is nearby!
A gnoll is nearby!
Found a stone staircase leading up.
A kobold comes into view. It is wielding a +2 dagger of venom.
The kobold shouts!
The kobold throws a stone.
The stone barely misses you. The kobold barely misses you.
You hit the kobold.
The kobold is moderately wounded.
The kobold closely misses you.
You hit the kobold but do no damage.
The kobold is moderately wounded.
The kobold closely misses you.
You barely miss the kobold.
The kobold is moderately wounded.
The kobold hits you with a +2 dagger of venom.
You are poisoned.
You closely miss the kobold.
The kobold is moderately wounded.
You feel sick. The kobold closely misses you.
You closely miss the kobold.
The kobold is moderately wounded.
You feel sick. The kobold hits you but does no damage.
You are more poisoned.
You closely miss the kobold.
The kobold is moderately wounded.
You feel very sick.
The kobold hits you with a +2 dagger of venom.
* * * LOW HITPOINT WARNING * * *
You are more poisoned.
You are too injured to fight recklessly!
You are too injured to fight recklessly!
You are too injured to fight recklessly!
You are too injured to fight recklessly!
You are too injured to fight recklessly!
The kobold attacks as you move away! The kobold hits you but does no damage.
You are more poisoned.
You die...

## .### .# .#. .#####.#... #..
#...#. .........#.# ..# .....#
..............#. .....#
.............#.. #.....#
................#.#...#. g..#
.#...### #....K#r..#.#.. ..#
...).#####......r....).. g.#
........###..###@......< ..#
.....##.# #.......###### #.#
#....##.# ###(..>##### #.#
###...#.####..#......# #.#
#.......[...######.#### #.#
#..........†.# #....## #..
####..._...###.## ####..# ##.
............#...########.#######†
####....)......rS....# #.....#...


You could see a kobold (ally target), a friendly quokka (summoned) and a
friendly rat (summoned).

Vanquished Creatures
  2 endoplasms (D:1)
  A goblin (D:1)
  A kobold (D:1)
  A quokka (D:1)
  3 ball pythons
  A frilled lizard (D:1)
  2 rats
11 creatures vanquished.

Vanquished Creatures (collateral kills)
  A worm (D:2)
  A dart slug (D:1)
  A ball python (D:1)
  2 giant cockroaches (D:1)
  3 goblins
  A hobgoblin (D:2)
  A kobold (D:2)
  2 bats
  A frilled lizard (D:1)
  3 rats
16 creatures vanquished.

Grand Total: 27 creatures vanquished

Notes
Turn   | Place    | Note
-------+----------+-------------------------------------------
     0 | D:1      | cforsyth the Demigod Summoner began the quest for the Orb.
     0 | D:1      | Reached XP level 1. HP: 14/14 MP: 5/5
   605 | D:1      | Reached XP level 2. HP: 20/20 MP: 4/7
   984 | D:1      | Reached skill level 4 in Summonings
  1954 | D:2      | Succumbed to a kobold's poison

Illustrated notes

Levels and vault maps discovered:
D:1:      dpeg_arrival_stone_temple_mockup, layout_basic, grunt_decor_junction
D:2:      layout_rooms, basic_altar, minmay_splitting_lines, skrybe_limestone_x,
          st_stairs_2

Skill      XL: |  1  2 |
---------------+-------+-----
Spellcasting   | 2 |  2.4
Summonings     | 4 |  4.1
Dodging        | |  1.7
Stealth        | |  1.7

Action                     || total
---------------------------++-------
  Melee: Unarmed           ||   131
         Punch             ||     2
   Cast: Summon Small Mamm ||    48
   Stab: Sleeping          ||     2
 Armour: Robe              ||    25
  Dodge: Dodged            ||    94

Table legend: (Time is in decaauts)
 A = Elapsed time spent in this place.
 B = Non-inter-level travel time spent in this place.
 C = Inter-level travel time spent in this place.
 D = Time resting spent in this place.
 E = Time spent auto-exploring this place.
 F = Levels seen in this place.
 G = Mean time per level.
                   A        B        C        D        E       F      G
               +--------+--------+--------+--------+--------+-----+--------+
         Total |   1954 |   1920 |     34 |      0 |   1514 |   2 |  977.0 |
       Dungeon |   1954 |   1920 |     34 |      0 |   1514 |   2 |  977.0 |
               +--------+--------+--------+--------+--------+-----+--------+

Top non-repeatable levels by time:
     D:1: 1300 daAuts
     D:2: 654 daAuts
